 Dungeon Crawl Stone Soup version 0.28-a0-662-g1651b1f1e0 (webtiles) character file.

Game seed: 9442049860120291751

214 Irenicus the Geomancer (level 5, -1/63 HPs)
             Began as a Deep Dwarf Earth Elementalist on Oct 14, 2021.
             Killed from afar by a white imp (5 damage)
             ... with a puff of frost
             ... on level 3 of the Dungeon.
             The game lasted 00:09:09 (1297 turns).

Irenicus the Geomancer (DDEE)                       Turns: 1297, Time: 00:09:10

Health: -1/63      AC:  5    Str: 12    XL:     5   Next: 59%
Magic:  0/7        EV: 12    Int: 16    God:
Gold:   15         SH:  0    Dex: 13    Spells: 1/7 levels left

rFire   . . .      SeeInvis .   f - +4 rapier
rCold   . . .      Faith    .   (no shield)
rNeg    . . .      Spirit   .   m - +0 leather armour
rPois   .          Reflect  .   a - +0 helmet
rElec   .          Harm     .   (no cloak)
rCorr   .          Rampage  .   e - +0 pair of gloves
Will    .....                   (no boots)
Stlth   ..........              (no amulet)
HPRegen 0.00/turn               (no ring)
MPRegen 0.10/turn               (no ring)

@: berserking, hasted, very quick
A: damage resistance, heal wounds, sense surroundings 1, no regeneration
a: Heal Wounds


You were on level 3 of the Dungeon.
You visited 1 branch of the dungeon, and saw 3 of its levels.

You collected 57 gold pieces.
You spent 42 gold pieces at shops.


Innate Abilities, Weirdness & Mutations

You are resistant to damage.
You can heal yourself by infusing magical energy.
You passively map a small area around you.
You do not regenerate.


   Skills:
 - Level 2.1 Dodging
 - Level 2.4 Stealth
 - Level 1.7 Spellcasting
 - Level 0.8 Transmutations
 + Level 8.4 Earth Magic


You had one spell level left.
You knew the following spells:

 Your Spells              Type           Power      Damage    Failure   Level
t - Stone Arrow           Conj/Erth      28%        3d8       14%         3
w - Passwall              Tmut/Erth      13%        N/A       6%          2
z - Sandblast             Erth           56%        2d13      1%          1

Your spell library contained the following spells:

 Spells                   Type           Power      Damage    Failure   Level
 Magic Dart               Conj           4%         1d3       26%         1
 Summon Small Mammal      Summ           4%         N/A       26%         1
 Petrify                  Tmut/Erth      16%        N/A       36%         4
 Searing Ray              Conj           2%         2d4       38%         2
 Call Canine Familiar     Summ           1%         N/A       63%         3
 Summon Guardian Golem    Hex/Summ       1%         N/A       63%         3
 Fulminant Prism          Conj/Hex       0%         3d6       95%         4
 Passage of Golubria      Tloc           N/A        N/A       95%         4
 Silence                  Hex/Air        0%         N/A       100%        5
 Lehudib's Crystal Spear  Conj/Erth      7%         10d3      100%        8

Inventory:

Hand Weapons
 c - a +2 short sword of speed
 d - a +0 dagger
 f - a +4 rapier (weapon)
Missiles
 k - 6 stones
Armour
 a - a +0 helmet (worn)
 e - a +0 pair of gloves (worn)
 m - a +0 leather armour (worn)
Magical Staves
 j - a staff of death {!a}
Scrolls
 g - a scroll of identify {unknown}
 h - a scroll of fog {unknown}

Dungeon Overview and Level Annotations

Branches:
Dungeon (3/15)

Altars:

Shops:
D:1 *

Annotations:
D:1 3 pots 3 scrolls to buy

* , .#. , > , , * ^ .. ,
, * , , ,.., * , * , ,# .
, * * , #.#. * ,♣ , * ..#
.♣♣ * * , * #.* #<###..♣
, .., ..#####@....♣♣ ##.
*###.......#.♣.♣* , ..
..#.......#..♣♣♣♣
,#.###.#......5#..♣.. * *
*..##.#............♣♣♣♣♣
# *#.##<#.......#.....♣..
,
#.##.##.#.......#........
* #.......#...[.).#.....#
####.##########)#.....#


You could see a white imp.


Message History

You see here a +0 leather armour.
You finish taking off your +0 robe.
You finish putting on your +0 leather armour.
Drop what? 13/52 slots (_ for help) (? for menu, Esc to quit)
You drop a +0 robe.
Found a stone staircase leading up.
A white imp comes into view.
The white imp shouts!
The white imp gestures at you. The puff of frost hits you.
* * * LOW HITPOINT WARNING * * *
Casting: Sandblast (safe; 1% risk of failure)
Confirm with . or Enter, or press ? or * to list all spells.
Aiming: Stone Arrow (dangerous; 14% risk of failure)
Press: ? - help, Shift-Dir - straight line, f - white imp
Aim: a white imp (68% to hit)
The stone arrow hits the white imp!
The white imp is almost dead.
The white imp gestures at you. The puff of frost hits you!
* * * LOW HITPOINT WARNING * * *
Okay, then.
You aren't carrying any items that you can evoke.
It was a potion of haste.
You feel yourself speed up.
It was a potion of berserk rage.
A red film seems to cover your vision as you go berserk!
You feel yourself moving faster!
You feel mighty! The white imp gestures at you. The puff of frost hits you.
You die...

Skill      XL: |  1  2  3  4  5 |
---------------+----------------+-----
Earth Magic    | 5 7 8 |  8.4
Dodging        | |  2.1
Stealth        | |  2.4
Spellcasting   | |  1.7
Transmutations | |  0.8

Action                   |  1- 3 |  4- 6 || total
-------------------------+-------+-------++-------
Melee: Rapier            |    39 |    52 ||    91
 Cast: Sandblast         |    32 |    10 ||    42
       Passwall          |     1 |     5 ||     6
       Stone Arrow       |       |     7 ||     7
  Use: Potion            |       |     5 ||     5
 Stab: Sleeping          |     5 |     1 ||     6
Armor: Robe              |     9 |    15 ||    24
Dodge: Dodged            |    24 |    47 ||    71

Levels and vault maps discovered:
D:1:      arrival_zaba_pyramid, layout_loops_ring, serial_shops, shop
D:2:      cheibrodos_old_hovel, layout_basic, serial_undead, serial_undead_e,
          serial_undead_a, serial_undead_d, serial_undead_f, serial_undead_d,
          uniq_robin
D:3:      layout_loops_cross, lemuel_tele_altar, serial_shops,
          nicolae_shop_overgrown_old_shop, ebering_ghost_sewer_d,
          chequers_ecumenical_altar_grove, uniq_ijyb, uniq_jessica

Notes
Turn   | Place    | Note
-------+----------+-------------------------------------------
     0 | D:1      | Irenicus the Deep Dwarf Earth Elementalist began the quest
                  | for the Orb.
     0 | D:1      | Reached XP level 1. HP: 15/15 MP: 3/3
    86 | D:1      | Reached XP level 2. HP: 19/22 MP: 0/4
   121 | D:1      | Found Ikhlig's Assorted Antiques.
   216 | D:1      | Reached skill level 5 in Earth Magic
   443 | D:2      | Reached XP level 3. HP: 20/28 MP: 1/5
   446 | D:2      | Learned a level 2 spell: Passwall
   537 | D:2      | Reached skill level 6 in Earth Magic
   599 | D:2      | Noticed a phantom
   613 | D:2      | Killed a phantom
   614 | D:2      | Reached skill level 7 in Earth Magic
   614 | D:2      | Reached XP level 4. HP: 8/36 MP: 0/6
   709 | D:2      | Noticed Robin
   710 | D:2      | Reached XP level 5. HP: 13/42 MP: 7/7
   724 | D:2      | Killed Robin
   780 | D:2      | Learned a level 3 spell: Stone Arrow
   888 | D:2      | Reached skill level 8 in Earth Magic
  1190 | D:1      | Bought a fuming blue potion for 21 gold pieces
  1190 | D:1      | Bought an emerald potion for 21 gold pieces
  1295 | D:3      | HP: 3/42 [white imp/puff of frost (5)]
  1297 | D:3      | Killed from afar by a white imp

Vanquished Creatures
  A phantom (D:2)
  An orc wizard (D:3)
  Robin (D:2)
  2 adders (D:2)
  An adder zombie (D:2)
  An adder skeleton (D:2)
  2 worms (D:2)
  A dart slug (D:2)
  2 orcs (D:3)
  4 ball pythons (D:2)
  A bat zombie (D:2)
  4 endoplasms
  A giant cockroach (D:1)
  13 goblins
  13 hobgoblins
  2 jackals (D:1)
  A quokka (D:1)
  5 bats
  3 frilled lizards
  3 kobolds
  3 rats
65 creatures vanquished.

Vanquished Creatures (others)
  4 plants (D:2)
  2 withered plants (D:2)
6 creatures vanquished.

Grand Total: 71 creatures vanquished

Table legend: (Time is in decaauts)
 A = Elapsed time spent in this place.
 B = Non-inter-level travel time spent in this place.
 C = Inter-level travel time spent in this place.
 D = Time resting spent in this place.
 E = Time spent auto-exploring this place.
 F = Levels seen in this place.
 G = Mean time per level.
                   A        B        C        D        E       F      G
               +--------+--------+--------+--------+--------+-----+--------+
         Total |   1315 |   1190 |    125 |      0 |     12 |   3 |  438.3 |
       Dungeon |   1315 |   1190 |    125 |      0 |     12 |   3 |  438.3 |
               +--------+--------+--------+--------+--------+-----+--------+

Top non-repeatable levels by time:
     D:2: 702 daAuts
     D:1: 554 daAuts
     D:3: 58 daAuts

Table legend:
 A = Non-vault XP
 B = Vault XP
 C = Vault XP percentage of total XP
 D = Non-vault monster count
 E = Vault monster count
 F = Vault count percentage of total count
                 A         B        C        D         E       F
            +---------+---------+-------+---------+---------+-------
      Total |     257 |      49 |  16.0 |      50 |      15 |  23.1
            +---------+---------+-------+---------+---------+-------
        D:1 |      35 |       0 |   0.0 |      21 |       0 |   0.0
        D:2 |     177 |      49 |  21.7 |      24 |      15 |  38.5
        D:3 |      45 |       0 |   0.0 |       5 |       0 |   0.0
            +---------+---------+-------+---------+---------+-------
